 Dungeon Crawl Stone Soup version 0.17.1-3-g152610e (webtiles) character file.

70 JinLisek the Bolt Thrower (level 4, 0/52 HPs)
             Began as a Centaur Arcane Marksman on Apr 16, 2016.
             Succumbed to an adder's poison
             ... on level 3 of the Dungeon.
             The game lasted 00:22:01 (1725 turns).

JinLisek the Bolt Thrower (Centaur Arcane Marksman) Turns: 1725, Time: 00:22:01

Health: 0/52       AC: 22    Str: 18    XL:     4   Next: 3%
Magic:  5/5        EV:  1    Int: 12    God:
Gold:   64         SH:  0    Dex: 10    Spells: 2 memorised, 2 levels left

rFire  . . .     SeeInvis .     m - +0 short sword
rCold  . . .     Clarity  .     (armour currently unavailable)
rNeg   + + +     SustAt   .     (no shield)
rPois  +         Gourm    .     (helmet currently unavailable)
rElec  .         Spirit   .     (cloak currently unavailable)
rCorr  .         Warding  .     (gloves currently unavailable)
rMut   .         NoTele   +     (no barding)
MR     .....                    (no amulet)
Stlth  +.........               (no ring)
                                f - ring of positive energy

@: mighty, lethally poisoned (0 -> -6), tree-form, not resistant to hostile
enchantments, very unstealthy
A: (hooves 0), (deformed body), (speed 0), (tough skin 0)
a: no special abilities


You were on level 3 of the Dungeon.
You were not hungry.
You were a tree.
You visited 1 branch of the dungeon, and saw 3 of its levels.

You collected 64 gold pieces.

Inventory:

Hand Weapons
 a - a +0 hand crossbow
 m - a +0 short sword (weapon)
Missiles
 d - 6 bolts
 j - 19 poisoned needles
 q - 10 stones (quivered)
 r - 3 tomahawks
Armour
 b - a +0 robe (melded)
 t - a +0 helmet (melded)
 u - a cursed +0 animal skin
 v - the +2 helmet of Fasereot {Str+4, unknown}
   (You took it off Robin on level 2 of the Dungeon)

   It affects your strength (+4).
Jewellery
 f - a ring of positive energy (left branch)
Scrolls
 g - a scroll of recharging {unknown}
 h - 4 scrolls of remove curse {unknown}
 k - a scroll of random uselessness {unknown}
 l - a scroll of fear {unknown}
 p - a scroll of identify {unknown}
 s - a scroll of blinking {unknown}
 w - a scroll of fog {unknown}
Potions
 i - a potion of might
Books
 c - a book of Debilitation

   Spells                             Type                      Level
   a - Corona                         Hexes                        1
   b - Slow                           Hexes                        2
   c - Gell's Gravitas                Hexes/Translocation          3
   d - Inner Flame                    Hexes/Fire                   3
   e - Cause Fear                     Hexes                        4
   f - Leda's Liquefaction            Hexes/Earth                  4
Comestibles
 e - a bread ration
 n - 2 chunks of flesh


   Skills:
 - Level 1.0 Fighting
 + Level 4.5 Crossbows
 - Level 1.3 Dodging
 + Level 1.0 Spellcasting
 + Level 2.9 Hexes


You had 2 spell levels left.
You knew the following spells:

 Your Spells              Type           Power        Failure   Level  Hunger
a - Corona                Hex            #......      12%         1    ##.....
b - Slow                  Hex            #.......     14%         2    ###....


Dungeon Overview and Level Annotations

Branches:
Dungeon (3/15)

Altars:


Innate Abilities, Weirdness & Mutations

((You have hooves in place of feet.))
((Armour fits poorly on your strangely shaped body.))
((You cover ground very quickly.))
((You have extremely tough skin (AC +3).))


Message History

* * * LOW HITPOINT WARNING * * *
You feel sick.
The orc wizard casts a spell.
The orc wizard flickers and vanishes!
Deactivating autopickup; reactivate with Ctrl-A.
The adder bites you but does no damage.
You closely miss the adder.
The adder is heavily wounded.
* * * LOW HITPOINT WARNING * * *
You feel sick. The adder bites you but does no damage.
You barely miss the adder.
The adder is heavily wounded.
* * * LOW HITPOINT WARNING * * *
You feel sick. The adder bites you but does no damage.
The adder bites you but does no damage.
You puncture the adder!
You kill the adder!
You have reached level 4!
You feel agile.
You die...

###.......###...###
#.......()........
#.####.###...##.##
#. #.###...##.# #
#go....(...#
#{####((#### #o#
#(... #.# #g.###
#♣# #S.# #......!..
?..####..... ...##
..... ..... ##.# #.
#


You could see 2 orcs and a hobgoblin.

Vanquished Creatures
  Robin (D:2)
  2 adders
  A giant gecko (D:2)
  An orc (D:3)
  2 giant cockroaches
  5 hobgoblins
  A quokka (D:2)
  5 bats
  4 giant newts
  10 goblins
  5 jackals
  2 kobolds
  3 rats
42 creatures vanquished.

Notes
Turn   | Place    | Note
--------------------------------------------------------------
     0 | D:1      | JinLisek the Centaur Arcane Marksman began the quest for the Orb.
     0 | D:1      | Reached XP level 1. HP: 16/16 MP: 2/2
   460 | D:1      | Reached skill level 3 in Crossbows
   460 | D:1      | Reached XP level 2. HP: 23/23 MP: 3/3
   470 | D:1      | Learned a level 2 spell: Slow
  1115 | D:2      | Reached XP level 3. HP: 28/28 MP: 4/4
  1254 | D:2      | Reached skill level 4 in Crossbows
  1386 | D:2      | Noticed Robin
  1396 | D:2      | Killed Robin
  1399 | D:2      | Got an encrusted helmet
  1722 | D:3      | HP: 2/42 [poisoned by an adder]
  1725 | D:3      | Reached XP level 4. HP: 1/35 MP: 5/5
  1725 | D:3      | Succumbed to an adder's poison

Action                   |  1- 3 |  4- 6 || total
-------------------------+-------+-------++-------
Melee: Short sword       |    53 |       ||    53
 Fire: Hand crossbow     |    87 |       ||    87
Throw: Stone             |    13 |       ||    13
 Cast: Corona            |     7 |       ||     7
       Slow              |     2 |       ||     2
  Use: Potion            |     2 |       ||     2
  Eat: Chunk             |     2 |       ||     2
